Map: King Sejong Station LE

Players

Fropez - Winner!

  • Race: Protoss Protoss
  • League: Gold
  • Spawn Location: 11:00

iliminator

  • Race: Zerg Zerg
  • Spawn Location: 5:00

VOD

Have the link to the VOD?

Description

Time

  • Played on: Nov. 6, 2016, 10:17 a.m.
  • Length: 10:03
Show
View Real Time Build Order
Export as new Build Order

Fropez Protoss - Winner!

Build Orders:  

Get SALT Encoding   

  12  0:01  Probe (Chrono Boost)  
  13  0:13  Pylon  
  13  0:18  Probe (Chrono Boost)  
  15  0:28  Probe (Chrono Boost)  
  15  0:35  Gateway  
  15  0:39  Probe (Chrono Boost)  
  16  0:46  Assimilator  
  16  0:49  Probe (Chrono Boost)  
  17  1:01  Probe (Chrono Boost)  
  18  1:08  Gateway  
  18  1:12  Probe (Chrono Boost)  
  19  1:24  Probe (Chrono Boost), Cybernetics Core  
  20  1:30  Pylon  
  20  1:40  Probe (Chrono Boost)  
  20  1:46  Assimilator  
  21  1:51  Probe (Chrono Boost)  
  22  1:59  Pylon  
  22  2:00  Adept  
  22  2:01  Adept  
  26  2:05  Warp Gate (Chrono Boost)  
  26  2:11  Probe (Chrono Boost)  
  26  2:27  Adept  
  26  2:28  Adept  
  26  2:29  Probe  
  31  2:41  Probe  
  32  2:53  Mothership Core  
  34  3:29  Nexus  
  34  3:34  Gateway  
  34  3:39  Gateway  
  34  3:41  Pylon  
  34  3:59  Probe  
  29  4:11  Probe  
  29  4:15  Gateway  
  28  4:23  Probe  
  29  4:31  Pylon  
  29  4:42  Adept x4  
  29  4:45  Probe  
  37  4:46  Probe  
  39  4:55  Probe  
  40  5:02  Probe  
  40  5:03  Twilight Council  
  40  5:06  Probe  
  40  5:13  Stalker  
  42  5:15  Stalker  
  44  5:21  Probe  
  45  5:36  Probe, Robotics Facility  
  45  5:40  Robotics Facility  
  46  5:42  Pylon  
  46  5:44  Pylon  
  46  5:45  Pylon  
  46  5:46  Probe  
  47  5:50  Assimilator  
  47  5:51  Adept  
  49  6:00  Probe  
  49  6:01  Probe  
  51  6:04  Resonating Glaives (Chrono Boost)  
  51  6:13  Gateway  
  51  6:15  Gateway  
  51  6:27  Sentry x2  
  51  6:28  Sentry x2  
  59  6:36  Immortal x2  
  63  6:55  Probe  
  63  6:56  Probe  
  65  7:06  Probe  
  66  7:09  Probe  
  66  7:12  Templar Archives  
  67  7:16  Probe  
  67  7:20  Adept x2  
  67  7:21  Adept x5, Probe  
  83  7:29  Probe  
  83  7:33  Probe  
  85  7:40  Observer  
  86  7:48  Warp Prism  
  82  8:04  Adept x2  
  86  8:22  Nexus  
  86  8:23  Pylon  
  86  8:26  Pylon  
  78  8:29  Assimilator  
  78  8:34  Assimilator  
  72  8:35  Pylon  
  72  8:39  Pylon  
  72  8:45  Adept x3  
  72  8:46  Adept x4  
  80  9:23  Stalker x3  
  80  9:24  Stalker x4  
  92  9:50  High Templar  
  92  9:51  High Templar x2  
  96  9:55  Archon  
Show
View Real Time Build Order
Export as new Build Order

iliminator Zerg 

Build Orders: Pool First 

Get SALT Encoding   

  12  0:01  Drone  
  13  0:08  Drone  
  14  0:15  Extractor  
  14  0:16  Drone  
  15  0:25  Overlord  
  15  0:40  Spawning Pool  
  14  0:49  Extractor  
  13  0:51  Drone x3  
  16  1:03  Drone  
  17  1:14  Drone  
  18  1:29  Drone  
  19  1:44  Queen  
  21  1:47  Drone  
  21  1:49  Hatchery  
  21  1:53  Zergling x2  
  22  2:28  Metabolic Boost  
  22  2:29  Baneling Nest, Zergling x2  
  22  2:31  Overlord x2  
  22  2:49  Queen  
  24  3:07  Zergling x4  
  24  3:08  Zergling x6  
  28  3:24  Pneumatized Carapace  
  26  3:31  Zergling x2  
  26  3:32  Zergling x4  
  29  3:37  Zergling x4  
  29  3:41  Baneling x2  
  31  3:58  Drone x2  
  27  4:20  Zergling x2  
  27  4:21  Zergling x6  
  31  4:27  Drone x3  
  31  4:28  Queen  
  36  4:38  Lair  
  36  4:44  Zergling x4  
  38  4:52  Evolution Chamber, Drone  
  38  4:54  Evolution Chamber  
  35  5:14  Zergling x2  
  35  5:15  Zergling x4  
  38  5:25  Burrow  
  38  5:27  Drone x3  
  41  5:52  Centrifical Hooks  
  41  5:55  Overlord x2  
  41  5:56  Overlord  
  41  6:02  Zerg Melee Weapons Level 1  
  40  6:45  Drone x3  
  40  6:46  Drone  
  43  7:04  Baneling x5  
  43  7:05  Baneling x3  
  43  7:08  Zergling x2  
  43  7:09  Zergling x4  
  43  7:12  Zergling x8  
  50  7:21  Extractor  
  50  7:22  Drone x2  
  51  7:24  Extractor  
  51  7:25  Drone  
  51  7:26  Drone  
  51  7:28  Overlord x2  
  51  7:42  Hatchery  
  46  7:59  Hatchery  
  46  8:00  Baneling  
  46  8:01  Baneling x5  
  45  8:06  Zergling x10  
  45  8:07  Zergling x2  
  36  8:35  Zergling x4  
  36  8:37  Zergling x4  
  36  8:38  Zergling x8  
  40  8:54  Zergling x2  
  41  8:59  Zergling x6  
  41  9:00  Zergling x2  
  42  9:09  Zergling x2  
  28  9:12  Zergling x4  
  28  9:13  Zergling x6  
  28  9:15  Zergling x2  
  32  9:18  Drone  
  16  9:41  Zergling x6  
Tags
 
League
Gold
Matchup
PvZ
Opening
Pool First
Replay Pack
All Mines
Spawn Locations
Cross Positions
Add a new tag
Caveats
  • Supply blocks, unpowered buildings, or Contaminate may cause inaccurate times.
  • Supply counts are checked every 10 seconds.